 Dungeon Sprint DCSS version 0.21.1-1-g345015f (webtiles) character file.

478 Fang the Fighter (level 6, 0/100 HPs)
             Began as a Minotaur Berserker on Apr 28, 2018.
             Was an Elder of Trog.
             Succumbed to a merfolk's poison
             ... in the Dungeon (Sprint V: "Ziggurat Sprint") on Apr 30, 2018.
             The game lasted 00:03:25 (377 turns).

Fang the Fighter (Minotaur Berserker)                Turns: 377, Time: 00:03:26

Health: 0/100      AC: 18    Str: 34    XL:     6   Next: 85%
Magic:  5/5        EV: 11    Int:  4    God:    Trog [****..]
Gold:   0          SH:  0    Dex: 10    Spells: 5/5 levels left

rFire    . . .     SeeInvis .   l - +5 demon trident
rCold    . . .     Gourm    .   (no shield)
rNeg     . . .     Faith    .   k - +5 storm dragon scales
rPois    .         Spirit   .   (helmet restricted)
rElec    +         Reflect  .   (no cloak)
rCorr    .         Harm     .   (no gloves)
MR       .....     NoTele   +   (no boots)
Stlth    ..........             (no amulet)
HPRegen  0.26/turn              G - ring of flight
MPRegen  0.09/turn              F - +6 ring of strength

@: berserking (expiring), lethally poisoned (0 -> -37), very quick
A: retaliatory headbutt, horns 2
a: Berserk, Trog's Hand, Brothers in Arms, Burn Spellbooks, Renounce Religion,
Evoke Flight


You were in the Dungeon.
You worshipped Trog.
Trog was greatly pleased with you.
You were very hungry.

You visited 1 branch

Inventory:

Hand Weapons
 j - a +5 executioner's axe
 l - a +5 demon trident (weapon)
Armour
 k - +5 storm dragon scales (worn)
Jewellery
 F - a +6 ring of strength (right hand)
 G - a ring of flight (left hand)
Wands
 x - a wand of disintegration (7)
 y - a wand of iceblast (7)
 z - a wand of acid (7)
Scrolls
 i - 4 scrolls of blinking
 m - 7 scrolls of fog
 n - a scroll of holy word
 o - 5 scrolls of identify
 p - 5 scrolls of remove curse
 q - 2 scrolls of fear
Potions
 d - 10 potions of curing
 e - 10 potions of heal wounds
 f - 10 potions of haste
 g - 7 potions of magic
 h - 3 potions of berserk rage
 r - 2 potions of brilliance
 s - 2 potions of invisibility
 t - 4 potions of resistance
 u - a potion of experience
 v - 5 potions of agility
 w - 5 potions of might
Miscellaneous
 A - a lamp of fire
Comestibles
 a - 5 chunks of flesh
 c - 7 rations


   Skills:
 + Level 10.7 Fighting
 + Level 10.3(10.9) Axes
 + Level 5.4(8.6) Polearms
 + Level 7.1 Armour
 + Level 5.6 Dodging
 + Level 0.9 Stealth


You had 5 spell levels left.
You didn't know any spells.

Dungeon Overview and Level Annotations

Branches:
Dungeon (1/1)

Altars:
Ashenzari
Cheibriados
Dithmenos
Elyvilon
Fedhas
Gozag
Hepliaklqana
Kikubaaqudgha
Makhleb
Nemelex Xobeh
Okawaru
Qazlal
Ru
Sif Muna
Trog
Uskayaw
Vehumet
Wu Jian
Xom
Yredelemnul
Zin
The Shining One
Beogh
Jiyva
Lugonu

Annotations:
D 1 transporter


Innate Abilities, Weirdness & Mutations

You reflexively headbutt those who attack you in melee.
You have a pair of horns on your head.


Message History

The merfolk hits you from afar with a trident.
* * * LOW HITPOINT WARNING * * *
The merfolk hits you from afar with a trident.
* * * LOW HITPOINT WARNING * * *
Attack whom?
Press: ? - help, Dir - move target cursor, f/p - merfolk
Aim: a merfolk, wielding a trident (moderately wounded)
You reach to attack!
You closely miss the merfolk.
The merfolk is moderately wounded.
* * * LOW HITPOINT WARNING * * *
You feel sick.
The merfolk hits you from afar with the +4 spear "Jimn" {venom, SInv}.
* * * LOW HITPOINT WARNING * * *
You are more poisoned.
Attack whom?
Press: ? - help, Dir - move target cursor, f/p - merfolk
Aim: a merfolk, wielding a trident (moderately wounded)
You reach to attack!
You puncture the merfolk!
The merfolk is heavily wounded.
You die...

▓.....▓.....▓..©..▓
▓..©..▓..©..▓▓▓▓▓▓▓
▓▓▓▓▓▓▓▓▓▓▓▓▓▓
▓..8©8...▓
▓..}[=...▓
▓...)....▓
▓..mmm...▓
▓........▓
▓.▓.@..▓.▓
▓...©....▓
▓▓▓▓▓▓▓▓▓▓


You could see 3 merfolk.

Vanquished Creatures
  A merfolk (D)
  A yak (D)
  A crimson imp (D)
  An orc wizard (D)
  An orc priest (D)
  An iguana (D)
  A shadow imp (D)
  2 orcs (D)
  A jackal (D)
10 creatures vanquished.

Vanquished Creatures (others)
  A spatial maelstrom (D)
1 creature vanquished.

Grand Total: 11 creatures vanquished

Notes
Turn   | Place    | Note
-------+----------+-------------------------------------------
     0 | D        | Found the +6 Majin-Bo {vamp, Archmagi MP+6 Int+6}
     0 | D        | Found the +7 great mace "Firestarter" {inner flame, rF++}
     0 | D        | Fang the Minotaur Berserker began the quest for the Orb.
     0 | D        | Reached XP level 1. HP: 19/19 MP: 0/0
    11 | D        | Found a blossoming altar of Fedhas.
    12 | D        | Found a viscous altar of Jiyva.
    12 | D        | Found a hazy altar of Hepliaklqana.
    12 | D        | Found a transporter.
    12 | D        | Found an opulent altar of Gozag.
    12 | D        | Found an ancient bone altar of Kikubaaqudgha.
    12 | D        | Found a corrupted altar of Lugonu.
    18 | D        | Found a burning altar of Makhleb.
    19 | D        | Found a stormy altar of Qazlal.
    19 | D        | Found a sacrificial altar of Ru.
    19 | D        | Found an iron altar of Okawaru.
    19 | D        | Found a deep blue altar of Sif Muna.
    19 | D        | Found a sparkling altar of Nemelex Xobeh.
    19 | D        | Found a bloodstained altar of Trog.
    46 | D        | Banished a spatial maelstrom
    85 | D        | Entered arena 2.
    85 | D        | Noticed a crimson imp
    85 | D        | Found a transporter.
    88 | D        | Reached XP level 2. HP: 13/28 MP: 1/1
   101 | D        | Killed a crimson imp
   101 | D        | Reached XP level 3. HP: 14/37 MP: 2/2
   282 | D        | Entered arena 3.
   282 | D        | Noticed a yak
   282 | D        | Found a transporter.
   286 | D        | Reached ** piety under Trog
   290 | D        | Killed a yak
   290 | D        | Reached skill level 5 in Armour
   290 | D        | Reached XP level 4. HP: 50/50 MP: 3/3
   290 | D        | Reached XP level 5. HP: 57/57 MP: 4/4
   343 | D        | Entered arena 4.
   343 | D        | Found a transporter.
   347 | D        | Reached *** piety under Trog
   350 | D        | Reached XP level 6. HP: 64/64 MP: 5/5
   361 | D        | Reached **** piety under Trog
   366 | D        | Entered arena 5.
   366 | D        | Noticed a merfolk
   366 | D        | Noticed a merfolk
   366 | D        | Noticed a merfolk
   366 | D        | Noticed a merfolk
   366 | D        | Found a transporter.
   374 | D        | Killed a merfolk
   374 | D        | Reached skill level 10 in Fighting
   374 | D        | Reached skill level 10 in Axes
   374 | D        | Reached skill level 5 in Polearms
   374 | D        | Reached skill level 5 in Dodging
   375 | D        | HP: 4/100 [merfolk/trident (4)]
   377 | D        | Succumbed to a merfolk's poison

Skill      XL: |  1  2  3  4  5  6 |
---------------+-------------------+-----
Fighting       | 4 6 9 10 | 10.7
Axes           | 4 6 8 9 10 | 10.3
Armour         | 3 5 6 7 |  7.1
Dodging        | 3 4 5 |  5.6
Polearms       | 2 3 5 |  5.4
Stealth        | |  0.9

Action                   |  1- 3 |  4- 6 || total
-------------------------+-------+-------++-------
Melee: Demon trident     |    10 |    16 ||    26
       Headbutt          |     5 |       ||     5
Invok: Berserk           |     2 |     1 ||     3
       Burn Spellbooks   |       |     1 ||     1
Armor: Storm dragon scal |     8 |     2 ||    10
Dodge: Dodged            |     4 |     5 ||     9
